 Dungeon Crawl Stone Soup version 0.26-a0-837-g5a8a614f01 (webtiles) character file.

Game seed: 9796527801950776077

3656 Riddle the Arsonist (level 10, -7/73 HPs)
             Began as a Barachi Fire Elementalist on Nov 18, 2020.
             Mangled by Harold
             ... wielding a +0 flail
              (18 damage)
             ... on level 7 of the Dungeon.
             The game lasted 00:18:12 (9914 turns).

Riddle the Arsonist (Barachi Fire Elementalist)     Turns: 9914, Time: 00:18:13

Health: -7/73      AC:  5    Str:  9    XL:     10   Next: 12%
Magic:  9/21       EV: 10    Int: 20    God:
Gold:   611        SH: 11    Dex: 12    Spells: 23/24 levels left

rFire    + . .     SeeInvis .   G - +1 dagger (drain)
rCold    x . .     Faith    .   D - +2 kite shield
rNeg     . . .     Spirit   .   a - +0 robe
rPois    .         Reflect  .   (no helmet)
rElec    .         Harm     .   (no cloak)
rCorr    .         Rampage  .   x - +2 pair of gloves
MR       +....                  (no boots)
Stlth    ++........             k - amulet of regeneration
HPRegen  0.62/turn              F - ring of fire
MPRegen  0.17/turn              w - ring of protection from magic

@: marked, lightly drained, slow
A: +LOS, swims, slowness 1, strong legs 1
a: Hop


You were on level 7 of the Dungeon.
You visited 1 branch of the dungeon, and saw 7 of its levels.
You also visited: Bailey.

You collected 611 gold pieces.

Inventory:

Hand Weapons
 G - a +1 dagger of draining (weapon)
Armour
 a - a +0 robe (worn)
 x - a +2 pair of gloves (worn)
 D - a +2 kite shield (worn)
Jewellery
 k - an amulet of regeneration (around neck)
 n - an uncursed ring of stealth
 v - an uncursed ring of flight
 w - a ring of protection from magic (right hand)
 F - a ring of fire (left hand)
Wands
 c - a wand of disintegration (17)
Scrolls
 d - a scroll of magic mapping
 e - 8 scrolls of identify
 f - 2 scrolls of noise {unknown}
 j - 5 scrolls of blinking {unknown}
 l - 2 scrolls of enchant weapon
 r - a scroll of amnesia {unknown}
 u - 4 scrolls of teleportation
 y - 2 scrolls of enchant armour {unknown}
 z - a scroll of remove curse {unknown}
Potions
 b - a potion of ambrosia {unknown}
 g - a potion of heal wounds
 h - 3 potions of attraction {unknown}
 i - a potion of mutation {unknown}
 m - 6 potions of curing {unknown}
 o - 2 potions of brilliance {unknown}
 p - 4 potions of might {unknown}
 q - 2 potions of invisibility {unknown}
 s - 2 potions of resistance {unknown}
 C - 2 potions of lignification {unknown}
 E - a potion of degeneration {unknown}
Miscellaneous
 B - a condenser vane


   Skills:
 + Level 4.5(4.0) Fighting
 - Level 2.1(1.8) Dodging
 - Level 1.7(1.3) Stealth
 + Level 5.5(5.1) Shields
 + Level 7.6(7.1) Spellcasting
 + Level 7.9(7.5) Conjurations
 + Level 8.7(8.2) Fire Magic


You had 23 spell levels left.
You knew the following spells:

 Your Spells              Type           Power        Failure   Level
a - Foxfire               Conj/Fire      ####         1%          1

Your spell library contained the following spells:

 Spells                   Type           Power        Failure   Level
 Conjure Flame            Conj/Fire      ######..     3%          3
 Sticky Flame             Conj/Fire      ######..     13%         4
 Inner Flame              Hex/Fire       #####...     19%         3
 Animate Skeleton         Necr           #.....       32%         1
 Pain                     Necr           #...         32%         1
 Fireball                 Conj/Fire      ######....   34%         5
 Vampiric Draining        Necr           #.........   69%         3
 Animate Dead             Necr           #.........   97%         4
 Agony                    Necr           #.......     100%        5


Dungeon Overview and Level Annotations

Branches:
Dungeon (7/15)             Temple (0/1) D:7          Bailey (visited)

Altars:
Cheibriados
Elyvilon
Fedhas
Gozag
Hepliaklqana
Kikubaaqudgha
Trog
Uskayaw
Wu Jian
Xom
Zin

Annotations:
D:6 1 runed translucent door, Howlingfantods's ghost, amateur MiDe
D:7 Dowan; Harold


Innate Abilities, Weirdness & Mutations

You can be seen from farther away. (+LOS)
You can swim through water.
You cover ground slowly.
You can hop short distances.


Message History

You feel a surge of power!
You conjure some foxfire!
Harold hits you with a +0 flail!
* * * LOW HITPOINT WARNING * * *
The foxfire hits Harold.
Harold is severely wounded.
The foxfire hits Harold.
Harold is severely wounded.
Harold points at you and mumbles some strange words.
The mark upon you grows brighter.
Casting: Foxfire (safe; 1% risk of failure)
Confirm with . or Enter, or press ? or * to list all spells.
You feel a surge of power!
You conjure some foxfire!
Harold gestures at you while chanting. The mark upon you grows brighter.
The foxfire hits Harold.
Harold is severely wounded.
The foxfire hits Harold.
Harold is almost dead.
Harold hits you with a +0 flail!!
You die...

..###.....................##
#...............#...##...##
......########.###########
.........,*##...#
.........,##....#
....#######..#..##
....#.....#†##...#####
....#.....##.........#
....#.....##...@@§...#
###.'..>..'(e....§...#
....#.....#..........#
....#....,#..#########
....#...,,#### ....#####**
........# ........#
........###


You could see Harold and Dowan (fast).

Vanquished Creatures
  An orc knight (Bailey)
  A komodo dragon (D:7)
  Grinder (D:6)
  Eustachio (D:6)
  Menkaure (D:6)
  Duvessa (D:7)
  An ice beast (D:6)
  A sky beast (D:6)
  3 orc warriors (Bailey)
  A phantom (D:4)
  3 ogres
  A centaur (D:6)
  2 bullfrogs (D:6)
  2 scorpions
  A water moccasin skeleton (D:4)
  3 killer bees (D:7)
  5 wights (D:7)
  A howler monkey (D:6)
  2 hounds
  3 orc wizards
  2 bullfrog skeletons (D:4)
  2 iguanas
  4 worker ants
  Natasha (thrice) (D:2)
  A howler monkey zombie (D:6)
  A howler monkey skeleton (D:4)
  A gnoll (Bailey)
  19 adders
  2 shadow imps
  2 white imps
  4 ufetubi
  An adder skeleton (D:4)
  A worm (D:2)
  2 dart slugs (D:1)
  7 leopard geckos
  29 orcs
  6 ball pythons
  2 bat zombies (D:6)
  8 giant cockroaches
  15 goblins
  5 hobgoblins
  7 jackals
  23 kobolds
  2 quokkas
  7 bats
  14 frilled lizards
  A leopard gecko zombie (D:4)
  A quokka zombie (D:6)
  6 rats
  2 rat zombies (D:6)
215 creatures vanquished.

Vanquished Creatures (collateral kills)
  7 foxfires
7 creatures vanquished.

Vanquished Creatures (others)
  1120 foxfires
  3 plants (D:2)
  5 toadstools (D:1)
1128 creatures vanquished.

Grand Total: 1350 creatures vanquished

Notes
Turn   | Place    | Note
-------+----------+-------------------------------------------
     0 | D:1      | Riddle the Barachi Fire Elementalist began the quest for
                  | the Orb.
     0 | D:1      | Reached XP level 1. HP: 13/13 MP: 3/3
   214 | D:1      | Reached XP level 2. HP: 19/19 MP: 1/5
  1085 | D:2      | Reached XP level 3. HP: 21/24 MP: 1/7
  1325 | D:2      | Reached skill level 4 in Fire Magic
  1438 | D:2      | Reached XP level 4. HP: 30/30 MP: 6/8
  1659 | D:2      | Found an ornate altar of the Wu Jian Council.
  1706 | D:2      | Noticed Natasha
  1715 | D:2      | Killed Natasha
  1759 | D:2      | Reached XP level 5. HP: 35/35 MP: 7/10
  1819 | D:2      | Noticed Natasha
  1928 | D:2      | Found a faded altar of an unknown god.
  2042 | D:2      | Killed Natasha
  2248 | D:2      | Noticed Natasha
  2339 | D:2      | Killed Natasha
  2340 | D:2      | Reached XP level 6. HP: 26/41 MP: 7/11
  2454 | D:2      | Reached skill level 5 in Fire Magic
  3249 | D:4      | Reached skill level 1 in Shields
  3411 | D:4      | Reached XP level 7. HP: 46/46 MP: 8/13
  4184 | D:4      | Reached skill level 5 in Spellcasting
  4184 | D:4      | Reached skill level 6 in Fire Magic
  4523 | D:4      | Reached skill level 5 in Conjurations
  4535 | D:4      | Found a bloodstained altar of Trog.
  4665 | D:5      | Entered Level 5 of the Dungeon
  4976 | D:5      | Reached XP level 8. HP: 48/52 MP: 11/15
  5414 | D:5      | Found a shimmering altar of Xom.
  5522 | D:5      | Found a hazy altar of Hepliaklqana.
  5522 | D:5      | Found a faded altar of an unknown god.
  5527 | D:5      | Found a faded altar of an unknown god.
  5529 | D:5      | Found a white marble altar of Elyvilon.
  5530 | D:5      | Found an opulent altar of Gozag.
  5846 | D:6      | Noticed Grinder
  5862 | D:6      | Killed Grinder
  5982 | D:6      | Reached skill level 7 in Fire Magic
  6042 | D:6      | Noticed Menkaure
  6050 | D:6      | Killed Menkaure
  6156 | D:6      | Reached XP level 9. HP: 53/57 MP: 13/18
  6186 | D:6      | Found a blossoming altar of Fedhas.
  6371 | D:6      | Found a runed translucent door.
  6377 | D:6      | Noticed Howlingfantods's ghost (amateur MiDe)
  6404 | D:6      | Reached skill level 1 in Fighting
  6561 | D:6      | Noticed Eustachio
  6577 | D:6      | Killed Eustachio
  6736 | D:6      | Found a snail-covered altar of Cheibriados.
  6840 | D:6      | Found an ancient bone altar of Kikubaaqudgha.
  7302 | D:7      | Found a hide-covered altar of Uskayaw.
  7304 | D:7      | Noticed a +0 dagger
  7305 | D:7      | Noticed a -3 dagger
  7306 | D:7      | Noticed Duvessa
  7306 | D:7      | Noticed Dowan
  7510 | D:7      | Found a flagged portal.
  7529 | Bailey   | Entered a bailey
  7822 | Bailey   | Reached skill level 8 in Fire Magic
  7882 | Bailey   | Noticed an orc knight
  7883 | Bailey   | Found the +7 mace of Variability {chain chaos}
  8835 | Bailey   | Killed an orc knight
  9075 | D:7      | Found a staircase to the Ecumenical Temple.
  9075 | D:7      | Noticed Harold
  9218 | D:7      | Reached skill level 5 in Shields
  9272 | D:7      | Noticed a komodo dragon
  9303 | D:7      | Killed a komodo dragon
  9304 | D:7      | Reached XP level 10. HP: 15/71 MP: 10/21
  9448 | D:7      | Killed Duvessa
  9509 | D:7      | Found a glowing silver altar of Zin.
  9646 | D:7      | HP: 1/73 [wight/+2 flail (5)]
  9914 | D:7      | Mangled by Harold

Illustrated notes

Levels and vault maps discovered:
D:1:      ldierk_walled_garden, layout_loops_ring, kennysheep_small_spiral,
          minmay_unequal
D:2:      layout_rooms, old_standard_altar, chequers_ecumenical_altar_lobes,
          solitary_fountain, minmay_snake_closets, uniq_natasha
D:3:      layout_rooms
D:4:      layout_basic, marbit_many_paths, minmay_cupped
D:5:      layout_basic, general_overflow_altar,
          chequers_temple_overflow_minitemple
D:6:      layout_cave_pools, old_standard_altar,
          lemuel_zombie_altar_kikubaaqudgha, cheibriados_altar_1,
          ebering_ghost_reflecting_pool, uniq_grinder, uniq_eustachio,
          uniq_menkaure
D:7:      layout_rooms, nicolae_overflow_hidden_temple, dancing_weapons_uskayaw,
          temple_green, enter_bailey_3, minmay_lizard_king, uniq_duvessa,
          uniq_harold

Skill      XL: |  1  2  3  4  5  6  7  8  9 |
---------------+----------------------------+-----
Conjurations   | 2 3 4 5 6 7 |  7.9
Fire Magic     | 4 5 6 7 8 |  8.7
Spellcasting   | 3 4 5 6 7 |  7.6
Shields        | 1 3 5 |  5.5
Fighting       | 4 |  4.5
Dodging        | |  2.1
Stealth        | |  1.7

Action                   |  1- 3 |  4- 6 |  7- 9 | 10-12 || total
-------------------------+-------+-------+-------+-------++-------
Melee: Unarmed           |     6 |       |       |       ||     6
       Spear             |       |     1 |       |       ||     1
       Dagger            |       |     2 |    10 |     5 ||    17
 Cast: Foxfire           |    52 |   124 |   447 |    61 ||   684
 Abil: Hop               |       |       |     2 |     3 ||     5
  Use: Scroll            |     1 |     3 |     5 |       ||     9
       Potion            |       |       |       |     3 ||     3
Armor: Robe              |     6 |    11 |    54 |     5 ||    76
Dodge: Dodged            |    17 |    42 |    90 |    17 ||   166
Block: Kite shield       |       |    17 |   125 |    30 ||   172
       Tower shield      |       |       |     2 |       ||     2

Table legend: (Time is in decaauts)
 A = Elapsed time spent in this place.
 B = Non-inter-level travel time spent in this place.
 C = Inter-level travel time spent in this place.
 D = Time resting spent in this place.
 E = Time spent auto-exploring this place.
 F = Levels seen in this place.
 G = Mean time per level.
                   A        B        C        D        E       F      G
               +--------+--------+--------+--------+--------+-----+--------+
         Total |  10776 |  10443 |    333 |   1799 |   6157 |   8 | 1347.0 |
       Dungeon |   9323 |   8990 |    333 |    983 |   6148 |   7 | 1331.9 |
        Bailey |   1453 |   1453 |      0 |    816 |      9 |   1 | 1453.0 |
               +--------+--------+--------+--------+--------+-----+--------+

Top non-repeatable levels by time:
     D:4: 1675 daAuts
     D:6: 1570 daAuts
     D:2: 1560 daAuts
     D:5: 1455 daAuts
  Bailey: 1453 daAuts
     D:1: 1207 daAuts
     D:7: 1191 daAuts
     D:3: 661 daAuts
